 Dungeon Crawl Stone Soup version 0.15-a0-123-geffbfde (webtiles) character file.

240 Qrupt the Poker (level 4, 0/33 HPs)
             Began as a Merfolk Gladiator on Apr 11, 2014.
             Slain by Grinder (1 damage)
             ... on Level 3 of the Dungeon.
             The game lasted 00:03:24 (1607 turns).

Qrupt the Poker (Merfolk Gladiator)                 Turns: 1607, Time: 00:03:24

HP   0/33        AC  4     Str 15      XL: 4   Next: 84%
MP   4/4         EV 13     Int  7      God:
Gold 134         SH  0     Dex 15      Spells:  0 memorised,  3 levels left

rFire  . . .     SeeInvis .     q - +1,+2 halberd
rCold  . . .     Clarity  .     b - +0 leather armour
rNeg   . . .     Conserve .     (no shield)
rPois  .         rCorr    .     c - +0 helmet
rElec  .         rRot     .     (no cloak)
SustAb . .       Spirit   .     (no gloves)
rMut   .         Warding  .     (no boots)
Saprov . . .     Stasis   .     (no amulet)
MR     .....                    (no ring)
                                (no ring)

@: not resistant to hostile enchantments, unstealthy
A: change form in water, swift swim
a: no special abilities


You were on level 3 of the Dungeon.
You were very hungry.

You visited 1 branch of the dungeon, and saw 3 of its levels.

You collected 134 gold pieces.

Inventory:

Hand weapons
 a - a +0,+0 trident
 q - a +1,+2 halberd (weapon)
Missiles
 d - 5 throwing nets (quivered)
Armour
 b - a +0 leather armour (worn)
 c - a +0 helmet (worn)
Comestibles
 f - 4 bread rations
 g - a choko
 n - 14 strawberries
 p - 2 meat rations
 v - 2 rotting chunks of human flesh
Scrolls
 e - a scroll of teleportation {unknown}
 h - 2 scrolls of remove curse {unknown}
 l - a scroll of recharging {unknown}
 o - a scroll of fear {unknown}
 s - a scroll of amnesia {unknown}
 y - a scroll of blinking {unknown}
Jewellery
 r - an uncursed ring of magical power {unknown}
 u - a cursed -3 ring of intelligence {unknown}
 x - an uncursed ring of magical power {unknown}
Potions
 i - a potion of might {unknown}
 j - a potion of flight {unknown}
 k - 5 potions of heal wounds {unknown}
 m - a potion of invisibility {unknown}
 t - a potion of brilliance {unknown}
 w - 2 potions of curing {unknown}
 z - a potion of poison {unknown}


   Skills:
 - Level 2.1 Fighting
 + Level 7.8 Polearms
 - Level 2.0 Throwing
 - Level 4.0 Dodging


You had 3 spell levels left.
You didn't know any spells.

Dungeon Overview and Level Annotations

Branches:
Dungeon (3/15)

Altars:
Cheibriados

Annotations:
D:3 Grinder


Message History

Grinder is severely wounded.
You completely miss Grinder.
Grinder is severely wounded.
Grinder hits you.
You writhe in agony.
Grinder barely misses you.
You hit Grinder.
Grinder is severely wounded.
Grinder gestures.
Grinder blinks!
Grinder gestures at you.
You barely resist. Grinder gestures at you. Pain shoots through your body!
* * * LOW HITPOINT WARNING * * *
You are too injured to fight recklessly!
You are too injured to fight recklessly!
You are too injured to fight recklessly!
Grinder hits you.
* * * LOW HITPOINT WARNING * * *
You writhe in agony.
You die...

♣♣♣♣♣♣♣♣.....# #.#
.##..........###########.#
.##..........+.......%...#
.##..........####....#####
.##..........# #.........+
.##..........###.#########
.##.....................#
.#######..####..5.#####.#
.# #..# #..@.# #.# .#
#..####....# #.# .#
#.....#....# #♣♣
.#######.....#....#
.............+....+
.####.....####....## .#
#.....# #......#
.####.....# #......#
.#..'.....# #......#


You could see Grinder.

Vanquished Creatures
  Jessica (D:3)
  4 gnolls
  A giant mite (D:1)
  2 giant geckos
  An orc (D:3)
  8 goblins
  5 hobgoblins
  5 kobolds
  A quokka (D:2)
  5 bats
  A giant cockroach (D:1)
  2 giant newts
  4 rats
40 creatures vanquished.

Notes
Turn   | Place    | Note
--------------------------------------------------------------
     0 | D:1      | Qrupt, the Merfolk Gladiator, began the quest for the Orb.
     0 | D:1      | Reached XP level 1. HP: 16/16 MP: 1/1
   144 | D:1      | Reached skill level 5 in Polearms
   214 | D:1      | Reached XP level 2. HP: 22/22 MP: 2/2
   511 | D:1      | Reached skill level 6 in Polearms
   511 | D:1      | Reached XP level 3. HP: 27/27 MP: 3/3
   590 | D:2      | Found a snail-covered altar of Cheibriados.
   765 | D:2      | Reached skill level 7 in Polearms
   765 | D:2      | Reached XP level 4. HP: 20/33 MP: 4/4
  1256 | D:3      | Noticed Jessica
  1270 | D:3      | Killed Jessica
  1578 | D:3      | Noticed Grinder
  1582 | D:3      | Paralysed by Grinder for 5 turns
  1598 | D:3      | Paralysed by Grinder for 3 turns
  1607 | D:3      | HP: 1/33 [Grinder (5)]
  1607 | D:3      | Slain by Grinder

Action                   |  1- 3 |  4- 6 || total
-------------------------+-------+-------++-------
Melee: Trident           |    59 |       ||    59
       Halberd           |     8 |    60 ||    68
 Stab: Sleeping          |       |     3 ||     3
